 Dungeon Crawl Stone Soup version 0.29-a0-322-g68df515428 (webtiles) character file.

Game seed: 14021158761917313489

984 croobank the Skirmisher (level 8, -2/71 HPs)
             Began as a Hill Orc Fighter on Apr 6, 2022.
             Slain by a meliai (shapeshifter)
             ... wielding a +0 war axe
              (16 damage)
             ... on level 5 of the Dungeon.
             The game lasted 00:13:49 (4362 turns).

croobank the Skirmisher (Hill Orc Fighter)          Turns: 4362, Time: 00:13:50

Health: -2/71      AC: 15    Str: 21    XL:     8   Next: 18%
Magic:  8/8        EV:  7    Int:  8    God:
Gold:   245        SH:  5    Dex: 10    Spells: 7/7 levels left

rFire   . . .      SeeInvis .   a - +0 war axe (chaos)
rCold   . . .      Faith    .   c - +0 buckler
rNeg    . . .      Spirit   .   m - +4 chain mail {Will+}
rPois   +          Reflect  .   (no helmet)
rElec   .          Harm     .   B - +0 cloak
rCorr   .          Rampage  .   (no gloves)
Will    +....                   (no boots)
Stlth   ..........              e - amulet of regeneration
HPRegen 1.01/turn               E - ring of poison resistance
MPRegen 0.11/turn               (no ring)

@: mighty
A: no striking features
a: no special abilities


You were on level 5 of the Dungeon.
You visited 1 branch of the dungeon, and saw 5 of its levels.

You collected 245 gold pieces.

Inventory:

Hand Weapons
 a - a +0 war axe of chaos (weapon)
 b - a +0 hunting sling
 k - a +2 antimagic quarterstaff
 n - a +0 long sword
 q - the +7 whip of Titig {freeze, rF+ Str+4 Int+3}
   (You found it on level 4 of the Dungeon)

   It freezes those it strikes, dealing additional cold damage.
   It can also slow down cold-blooded creatures.
   Str:       It affects your strength (+4).
   Int:       It affects your intelligence (+3).
   rF:        It protects you from fire.
 A - a +4 quarterstaff of chaos
 D - a +8 spear
Missiles
 f - 133 stones (quivered)
 s - 6 poisoned darts
 w - a throwing net
Armour
 c - a +0 buckler (worn)
 m - a +4 chain mail of willpower (worn)
 B - a +0 cloak (worn)
 G - a scarf of shadows
Jewellery
 e - an amulet of regeneration (around neck)
 o - a ring of fire
 t - an amulet of reflection
 E - a ring of poison resistance (left hand)
Wands
 u - a wand of paralysis (3)
Scrolls
 h - a scroll of amnesia
 l - 5 scrolls of identify
 x - a scroll of acquirement {unknown}
 y - a scroll of immolation {unknown}
 z - a scroll of enchant weapon {unknown}
 C - a scroll of blinking {unknown}
 F - a scroll of holy word {unknown}
Potions
 g - 5 potions of haste {unknown}
 i - 2 potions of ambrosia {unknown}
 j - a potion of degeneration
 p - 4 potions of curing
 r - 2 potions of lignification
 v - a potion of berserk rage {unknown}


   Skills:
 + Level 6.6 Fighting
 - Level 5.1(5.7) Axes
 + Level 3.1(4.1) Maces & Flails
 + Level 6.0 Armour
 + Level 6.0 Shields


You had 7 spell levels left.
You didn't know any spells.
Your spell library contained the following spells:

 Spells                   Type           Power      Damage    Failure   Level
 Summon Small Mammal      Summ           0%         N/A       99%         1
 Call Canine Familiar     Summ           0%         N/A       100%        3
 Summon Guardian Golem    Hex/Summ       0%         N/A       100%        3


Dungeon Overview and Level Annotations

Branches:
Dungeon (5/15)
 Temple: D:4-7

Altars:
Vehumet


Message History

You resist with almost no effort.
You barely miss the golden eye.
The golden eye changes into a meliai!
You slash the meliai!
The meliai is moderately wounded.
The meliai picks up a +0 war axe.
The meliai wields a +0 war axe.
The meliai picks up a +0 plate armour.
The meliai wears a +0 plate armour.
You hit the meliai. You burn the meliai.
The meliai is heavily wounded.
You barely miss the meliai.
The meliai is heavily wounded.
The meliai hits you with a +0 war axe. You block the meliai's attack.
The meliai hits you with a +0 war axe. The meliai stings you.
You block the meliai's attack. The meliai stings you.
You closely miss the meliai.
The meliai is heavily wounded.
The meliai hits you with a +0 war axe!
The meliai stings you but does no damage.
The meliai barely misses you. x2; The meliai hits you but does no damage.
The meliai stings you but does no damage.
You hit the meliai. You burn the meliai.
The meliai is severely wounded.
The meliai hits you with a +0 war axe! You block the meliai's attack.
The meliai hits you but does no damage.
The meliai stings you but does no damage.
You hit the meliai. You freeze the meliai.
The meliai is severely wounded.
The meliai hits you but does no damage. The meliai closely misses you.
The meliai hits you with a +0 war axe. The meliai closely misses you.
The meliai hits you with a +0 war axe.
* * * LOW HITPOINT WARNING * * *
The meliai stings you but does no damage.
You feel very mighty all of a sudden. The meliai hits you with a +0 war axe!
* * * LOW HITPOINT WARNING * * *
The meliai stings you but does no damage.
The meliai hits you but does no damage. The meliai barely misses you.
You barely miss the meliai.
The meliai is severely wounded.
The meliai hits you with a +0 war axe!
You die...

#.......###.# #... #.......# #.#
#...
###########.......###.########...
..................'..........+...
###########.......####.#####.#...
######### #..# #..... ########.##
#..... ###...≈≈##..# #.....
#≈y@####≈##.# #.#### #..≈≈≈##+
##.#.# #.# ..#### #.#># #.#
#.....#.#.# #.# #P..P.#.#.# #.#
#.....#≈PPP?#≈#.# #.#
#...≈≈#$...≈#≈#.# #.#
#?P≈P.#≈≈)≈≈#≈#.###.####
#≈($≈.##SSS##≈#.#.......


You could see a meliai shaped shifter.

Vanquished Creatures
  Duvessa (D:4)
  An ogre (D:5)
  A centaur (D:5)
  A gnoll sergeant (D:5)
  Dowan (D:4)
  A howler monkey (D:4)
  2 hounds
  2 jellies (D:4)
  Crazy Yiuf (D:4)
  A gnoll shaman (D:3)
  2 iguanas
  4 orc wizards
  11 gnolls
  3 adders
  2 ufetubi (D:4)
  4 worms
  A dart slug (D:3)
  6 orcs
  7 endoplasms
  6 giant cockroaches
  4 goblins
  7 hobgoblins
  9 kobolds
  8 quokkas
  8 ball pythons
  3 bats
  4 frilled lizards
  3 rats
104 creatures vanquished.

Vanquished Creatures (others)
  63 plants
63 creatures vanquished.

Grand Total: 167 creatures vanquished

Notes
Turn   | Place    | Note
-------+----------+-------------------------------------------
     0 | D:1      | croobank the Hill Orc Fighter began the quest for the Orb.
     0 | D:1      | Reached XP level 1. HP: 19/19 MP: 1/1
   559 | D:1      | Reached XP level 2. HP: 26/27 MP: 2/2
   590 | D:1      | You fall into a shaft and drop 1 floor!
   868 | D:2      | Reached XP level 3. HP: 33/33 MP: 3/3
  1918 | D:1      | Found a faded altar of an unknown god.
  2251 | D:3      | Reached XP level 4. HP: 30/40 MP: 4/4
  2273 | D:3      | Found a radiant altar of Vehumet.
  2667 | D:3      | Reached XP level 5. HP: 47/47 MP: 5/5
  2959 | D:4      | Reached skill level 5 in Fighting
  2959 | D:4      | Reached XP level 6. HP: 55/56 MP: 6/6
  3085 | D:4      | Found a runed translucent door.
  3086 | D:4      | Noticed Crazy Yiuf
  3142 | D:4      | Killed Crazy Yiuf
  3144 | D:4      | HP: 2/55 [poisoned by Crazy Yiuf]
  3149 | D:4      | HP: 2/55 [poisoned by Crazy Yiuf]
  3360 | D:4      | Reached skill level 5 in Axes
  3456 | D:4      | Identified the +7 whip of Titig {freeze, rF+ Str+4 Int+3}
  3628 | D:5      | Entered Level 5 of the Dungeon
  3683 | D:5      | Reached skill level 5 in Armour
  3683 | D:5      | Reached skill level 5 in Shields
  3721 | D:5      | Reached skill level 1 in Maces & Flails
  3721 | D:5      | Reached XP level 7. HP: 45/62 MP: 7/7
  3858 | D:4      | Noticed Duvessa
  3861 | D:4      | Noticed Dowan
  3873 | D:4      | Killed Duvessa
  3885 | D:4      | Killed Dowan
  3925 | D:4      | Reached XP level 8. HP: 71/71 MP: 8/8
  4352 | D:5      | Noticed a shapeshifter
  4352 | D:5      | a shapeshifter changed into a golden eye
  4354 | D:5      | Noticed a meliai
  4354 | D:5      | a golden eye changed into a meliai
  4362 | D:5      | Slain by a meliai (shapeshifter)

Illustrated notes

Levels and vault maps discovered:
D:1:      dpeg_arrival_arbitrary_a, layout_loops_corners,
          shapermc_ecumenical_altar_mp_ritualfount
D:2:      wad_pebble_path, layout_basic
D:3:      wad_woods_stonehenge, layout_basic
D:4:      layout_cave_pools, portal_sewer_entry_e, uniq_duvessa,
          uniq_crazy_yiuf_cottage
D:5:      cheibrodos_two_vegetables, layout_basic, minivault_24

Skill      XL: |  1  2  3  4  5  6  7  8 |
---------------+-------------------------+-----
Axes           | 3 4 5 |  5.1
Fighting       | 4 5 6 |  6.6
Armour         | 4 5 6 |  6.0
Shields        | 4 5 6 |  6.0
Maces & Flails | 1 2 3 |  3.1

Action                   |  1- 3 |  4- 6 |  7- 9 || total
-------------------------+-------+-------+-------++-------
Melee: War axe           |   147 |   126 |    52 ||   325
       Whip              |       |    15 |    33 ||    48
  Use: Scroll            |     8 |     2 |       ||    10
       Potion            |       |       |     1 ||     1
Armor: Scale mail        |    23 |       |       ||    23
       Chain mail        |    85 |    85 |    53 ||   223
Dodge: Dodged            |    66 |    56 |    27 ||   149
Block: Buckler           |    34 |    47 |    26 ||   107

Table legend: (Time is in decaauts)
 A = Elapsed time spent in this place.
 B = Non-inter-level travel time spent in this place.
 C = Inter-level travel time spent in this place.
 D = Time resting spent in this place.
 E = Time spent auto-exploring this place.
 F = Levels seen in this place.
 G = Mean time per level.
                   A        B        C        D        E       F      G
               +--------+--------+--------+--------+--------+-----+--------+
         Total |   4486 |   4307 |    179 |     41 |   3038 |   5 |  897.2 |
       Dungeon |   4486 |   4307 |    179 |     41 |   3038 |   5 |  897.2 |
               +--------+--------+--------+--------+--------+-----+--------+

Top non-repeatable levels by time:
     D:2: 1134 daAuts
     D:1: 1050 daAuts
     D:3: 818 daAuts
     D:4: 806 daAuts
     D:5: 675 daAuts
